 Dungeon Crawl Stone Soup version 0.31-a0-986-g5e6e4ef867 (webtiles) character file.

Game seed: 16809731782440873768

8461 jasper the Summoner (level 11, -6/99 HPs)
             Began as a Purple Draconian Summoner on Nov 13, 2023.
             Was a Believer of the Shining One.
             Mangled by a catoblepas (18 damage)
             ... on level 10 of the Dungeon.
             The game lasted 00:21:44 (11038 turns).

jasper the Summoner (Purple Draconian Summoner)    Turns: 11038, Time: 00:21:45

Health: -6/99      AC: 10    Str: 15    XL:     11   Next: 10%
Magic:  0/14       EV: 22    Int: 20    God:    the Shining One [**....]
Gold:   79         SH: 15    Dex: 11    Spells: 4/14 levels left

rFire   + . .        N - +2 rapier of the Arena {speed, rCorr Str+4 Stlth-}
rCold   . . .        H - +5 kite shield {rF+}
rNeg    + . .        (body armour unavailable)
rPois   .            (helmet restricted)
rElec   .            h - scarf {repulsion}
rCorr   +            (no gloves)
SInv    .            u - +2 pair of boots
Will    +....        n - amulet of the acrobat
Stlth   +            F - +5 ring of evasion
HPRegen 0.36/turn    E - +5 ring of evasion
MPRegen 0.14/turn

%: repel missiles, acrobat
@: glowing
A: breathe power, AC +7, unfitting armour, cold-blooded
a: Breathe Dispelling Energy, Renounce Religion, Divine Shield


You were on level 10 of the Dungeon.
You worshipped the Shining One.
The Shining One was pleased with you.
You visited 2 branches of the dungeon, and saw 14 of its levels.

You collected 492 gold pieces.
You spent 413 gold pieces at shops.

Inventory:

Hand Weapons
 b - a +0 short sword
 f - a +0 dagger of venom
 i - a +0 trident
 j - a +4 morningstar of freezing
 s - a +0 spear
 t - a +0 halberd of protection
 w - the +1 longbow "Newtbane" {elec, rElec}
   (You bought it in a shop on level 8 of the Dungeon)

   rElec:     It insulates you from electricity.
 G - a +0 trident
 N - the +2 rapier of the Arena (weapon) {speed, rCorr Str+4 Stlth-}
   (You found it on level 9 of the Dungeon)

   Str+4:     It affects your strength (+4).
   rCorr:     It protects you from acid and corrosion.
   Stlth-:    It makes you less stealthy.
Missiles
 c - 85 stones
 p - 8 boomerangs
 q - 5 atropa-tipped darts
 O - 6 curare-tipped darts
Armour
 h - a scarf of repulsion (worn)
 u - a +2 pair of boots (worn)
 x - an orb of light
 H - a +5 kite shield of fire resistance (worn)
Jewellery
 n - an amulet of the acrobat (around neck)
 r - an amulet of guardian spirit
 E - a +5 ring of evasion (right hand)
 F - a +5 ring of evasion (left hand)
 K - a ring of see invisible
Wands
 z - a wand of digging (7)
 A - a wand of polymorph (10)
 D - a wand of paralysis (4)
 I - a wand of flame (5)
Scrolls
 v - 2 scrolls of poison
 y - 2 scrolls of blinking
 B - 2 scrolls of teleportation
 L - 3 scrolls of immolation
 R - 2 scrolls of fear
Potions
 a - 3 potions of magic
 d - 2 potions of curing
 e - a potion of invisibility
 g - 4 potions of attraction
 k - 2 potions of brilliance
 l - a potion of mutation
 m - a potion of berserk rage
 o - 4 potions of might
 C - a potion of enlightenment {unknown}
 J - a potion of haste {unknown}
 M - 2 potions of heal wounds
 P - a potion of lignification {unknown}
 Q - a potion of degeneration {unknown}


   Skills:
 - Level 10.0 Fighting
 - Level 5.6 Dodging
 - Level 1.7 Stealth
 + Level 8.4 Shields
 - Level 2.4 Spellcasting
 - Level 2.0 Hexes
 + Level 10.6 Summonings
 - Level 3.0 Air Magic


You had 4 spell levels left.
You knew the following spells:

 Your Spells              Type           Power      Damage    Failure   Level
a - Summon Lightning Spi  Summ/Air       29%        N/A       22%         4
c - Call Canine Familiar  Summ           44%        N/A       1%          3
d - Summon Guardian Gole  Hex/Summ       27%        N/A       9%          3

Your spell library contained the following spells:

 Spells                   Type           Power      Damage    Failure   Level
 Summon Small Mammal      Summ           100%       N/A       1%          1
 Call Imp                 Summ           88%        N/A       1%          2
 Slow                     Hex            40%        N/A       16%         1
 Apportation              Tloc           4%         N/A       36%         1
 Necrotise                Necr           8%         1d4       36%         1
 Confusing Touch          Hex            10%        N/A       43%         3
 Sigil of Binding         Hex            10%        N/A       43%         3
 Vampiric Draining        Necr           2%         2d6       73%         3
 Cause Fear               Hex            5%         N/A       85%         4
 Anguish                  Hex/Necr       3%         N/A       94%         4
 Dimensional Bullseye     Hex/Tloc       3%         N/A       94%         4
 Leda's Liquefaction      Hex/Erth       3%         N/A       94%         4
 Enfeeble                 Hex            5%         N/A       100%        7


Dungeon Overview and Level Annotations

Branches:
Dungeon (13/15)            Temple (1/1) D:6            Lair (0/5) D:9
    Orc (0/2) D:11
 Vaults: D:13-14

Altars:
Ashenzari
Cheibriados
Dithmenos
Elyvilon
Fedhas
Gozag
Hepliaklqana
Kikubaaqudgha
Makhleb
Nemelex Xobeh
Okawaru
Qazlal
Ru
Sif Muna
Trog
Uskayaw
Vehumet
Wu Jian
Xom
Yredelemnul
Zin
The Shining One

Shops:
D:8 (   D:9 (   D:10 *   D:11 ?*

Annotations:
D:9 2 transporters


Innate Abilities, Weirdness & Mutations

You can breathe bolts of dispelling energy.
Your rich purple scales are hard. (AC +7)
You cannot fit into any form of body armour.
You are cold-blooded and may be slowed by cold attacks.


Message History

Unknown command.
Unknown command.
Unknown command.
You hit the catoblepas.
You tail-slap the catoblepas, but do no damage.
The catoblepas is almost dead.
The catoblepas breathes a plume of calcifying dust at you.
The blast of calcifying dust hits you but does no damage.
The catoblepas breathes a plume of calcifying dust at you.
The blast of calcifying dust hits you!
* * * LOW HITPOINT WARNING * * *
You take 8 damage, and have 28/99 hp.
Aiming: Throw Flame
Press: ? - help, Shift-Dir - straight line, f - catoblepas
Aim: a catoblepas (calcifying dust, almost dead, haloed, 100% to hit)
The puff of flame hits the catoblepas but does no damage.
The catoblepas is almost dead.
You hit the catoblepas.
You tail-slap the catoblepas, but do no damage.
The catoblepas is almost dead.
You block the catoblepas's attack.
You hit the catoblepas.
The catoblepas is almost dead.
You hit the catoblepas but do no damage.
The catoblepas is almost dead.
The catoblepas gores you!
* * * LOW HITPOINT WARNING * * *
You take 14 damage, and have 15/99 hp.
You hit the catoblepas but do no damage.
You tail-slap the catoblepas.
The catoblepas is almost dead.
The catoblepas breathes a plume of calcifying dust at you.
The blast of calcifying dust hits you.
* * * LOW HITPOINT WARNING * * *
You take 4 damage, and have 11/99 hp.
The catoblepas completely misses you.
Casting: Summon Lightning Spire (dangerous; 22% risk of failure)
Confirm with . or Enter, or press ? or * to list all spells.
The catoblepas gores you!!
You die...

############ ########
#..........# #.......
#..........# #.......
#..........# #.......
#...h......#####.......
#..........##..'......>
#.....@....#..##.......
#......Y...#.###.......
#§§§§§§§...#.# #.......
#............# #.......
#..........### #.......
#..........# ####'###
#####.###### #.#
#.....# #.#
####+####### #.#


You could see a catoblepas (ally target) and a friendly wolf (summoned).

Vanquished Creatures
  2 two-headed ogres
  4 yaks (D:7)
  A steam dragon (D:6)
  3 orc warriors
  An ice beast (D:7)
  2 black bears
  A boggart (D:11)
  An ogre (D:5)
  A bullfrog (D:6)
  2 scorpions
  3 killer bees
  2 howler monkeys (D:11)
  4 hounds
  3 orc priests
  2 gnoll boudas
  A sleepcap (D:8)
  Jessica (D:2)
  2 iguanas (D:5)
  7 orc wizards
  4 gnolls
  6 adders
  A shadow imp (D:6)
  A white imp (D:6)
  4 ufetubi (D:5)
  A worm (D:2)
  3 dart slugs
  21 orcs
  7 bats
  2 endoplasms
  2 giant cockroaches
  5 goblins
  5 hobgoblins
  2 jackals (D:2)
  8 quokkas
  5 ball pythons
  A frilled lizard (D:2)
  7 kobolds
  24 rats
152 creatures vanquished.

Vanquished Creatures (collateral kills)
  A two-headed ogre (D:12)
  An ugly thing (D:11)
  A gargoyle (D:10)
  Maggie (D:7)
  2 komodo dragons (D:9)
  Sigmund (D:2)
  A vampire (D:12)
  2 acid dragons
  A water moccasin (D:6)
  2 orc warriors
  2 ice beasts
  3 black bears
  A sky beast (D:6)
  A phantom (D:5)
  A wight (D:8)
  11 killer bees
  A howler monkey (D:11)
  2 hounds
  5 orc priests
  4 orc wizards
  4 adders
  9 gnolls
  A shadow imp (D:7)
  22 orcs
  A ball python (D:4)
  3 jackals (D:1)
  A quokka (D:4)
  2 bats (D:1)
  2 goblins (D:1)
  3 kobolds
92 creatures vanquished.

Vanquished Creatures (others)
  A boggart (D:11)
  A scorpion (D:4)
  2 wights (D:8)
  A gnoll (D:4)
  A white imp (D:7)
  An orc (D:6)
7 creatures vanquished.

Grand Total: 251 creatures vanquished

Notes
Turn   | Place    | Note
-------+----------+-------------------------------------------
     0 | D:1      | jasper the Draconian Summoner began the quest for the Orb.
     0 | D:1      | Reached XP level 1. HP: 14/14 MP: 3/3
   237 | D:1      | Reached XP level 2. HP: 20/20 MP: 1/5
   240 | D:1      | Learned a level 2 spell: Call Imp
   861 | D:2      | Reached skill level 5 in Summonings
   908 | D:2      | Reached XP level 3. HP: 26/26 MP: 6/6
   912 | D:2      | Learned a level 3 spell: Call Canine Familiar
  1094 | D:2      | Noticed Sigmund
  1107 | D:2      | Killed Sigmund
  1108 | D:2      | Reached XP level 4. HP: 33/33 MP: 3/7
  1108 | D:2      | Reached XP level 5. HP: 38/38 MP: 3/8
  1151 | D:2      | Noticed Jessica
  1167 | D:2      | Killed Jessica
  1311 | D:2      | Found a faded altar of an unknown god.
  2075 | D:3      | Reached XP level 6. HP: 30/46 MP: 9/9
  2084 | D:3      | Learned a level 3 spell: Summon Guardian Golem
  2229 | D:3      | Found a hazy altar of Hepliaklqana.
  2430 | D:3      | Reached skill level 1 in Fighting
  3409 | D:4      | Reached skill level 1 in Hexes
  3743 | D:4      | Your scales start taking on a rich purple colour.
  3743 | D:4      | Reached XP level 7. HP: 41/57 MP: 4/10
  4285 | D:5      | Entered Level 5 of the Dungeon
  4464 | D:5      | Reached skill level 5 in Fighting
  4823 | D:5      | Reached XP level 8. HP: 68/68 MP: 11/11
  4999 | D:5      | Learned a level 4 spell: Summon Lightning Spire
  5044 | D:6      | Found a staircase to the Ecumenical Temple.
  5051 | Temple   | Entered the Ecumenical Temple
  5065 | Temple   | Became a worshipper of Elyvilon the Healer
  5138 | D:5      | Reached skill level 1 in Air Magic
  5789 | D:6      | Found a shimmering blue altar of Sif Muna.
  5789 | D:6      | Reached * piety under Elyvilon
  6178 | D:6      | Found a glowing golden altar of the Shining One.
  6178 | D:6      | Found a stormy altar of Qazlal.
  6515 | D:7      | Reached XP level 9. HP: 71/79 MP: 4/12
  6664 | D:7      | Noticed Maggie
  6704 | D:7      | HP: 4/81 [Maggie/+2 glaive of flaming (13)]
  6764 | D:7      | Elyvilon protects you from harm!
  6764 | D:7      | HP: 3/82 [Maggie/+2 glaive of flaming (2)]
  6842 | D:7      | Killed Maggie
  6843 | D:7      | Reached skill level 5 in Dodging
  7562 | D:8      | Found Yphuetesh's Antique Weapon Shoppe.
  7567 | D:8      | Bought an encrusted longbow for 264 gold pieces
  7567 | D:8      | Identified the +1 longbow "Newtbane" {elec, rElec} (You
                  | bought it in a shop on level 8 of the Dungeon)
  7781 | D:8      | Reached ** piety under Elyvilon
  7808 | D:8      | Reached XP level 10. HP: 91/93 MP: 6/13
  8088 | D:9      | Reached skill level 10 in Fighting
  8178 | D:9      | Found a shadowy altar of Dithmenos.
  8206 | D:9      | Found a snail-covered altar of Cheibriados.
  8235 | D:9      | Reached skill level 1 in Shields
  8265 | D:9      | Reached skill level 10 in Summonings
  8351 | D:9      | Found a staircase to the Lair.
  8361 | D:9      | Identified the +2 rapier of the Arena {speed, rCorr Str+4
                  | Stlth-}
  8453 | D:9      | Found a transporter.
  8454 | D:9      | Found a transporter.
  8454 | D:9      | Noticed a boulder beetle
  8598 | D:9      | Found Susemaiwk's Antique Weapon Boutique.
  8780 | D:9      | Found a burning altar of Makhleb.
  8954 | D:9      | Found a hide-covered altar of Uskayaw.
  9141 | D:10     | Entered Level 10 of the Dungeon
  9141 | D:10     | Reached *** piety under Elyvilon
  9192 | D:10     | Noticed a catoblepas
  9219 | D:10     | Elyvilon protects you from harm!
  9523 | D:11     | Found a staircase to the Orcish Mines.
  9538 | D:11     | Found Ypyutt's Assorted Antiques.
  9602 | D:11     | Reached skill level 5 in Shields
  9635 | D:11     | You fall into a shaft and drop 2 floors!
  9661 | D:13     | Noticed a centaur warrior
  9680 | D:12     | Noticed a two-headed ogre
  9687 | D:12     | Killed a two-headed ogre
  9804 | D:12     | Noticed a brown ugly thing
  9818 | D:11     | Found Wadoit's Magic Scroll Boutique.
  9818 | D:11     | Noticed a two-headed ogre
  9841 | D:11     | Killed a two-headed ogre
  9851 | D:11     | Bought a scroll of blinking for 97 gold pieces
  9851 | D:11     | Bought a scroll of fear for 52 gold pieces
  9990 | D:11     | Killed a green ugly thing
 10120 | D:11     | Noticed a gargoyle
 10121 | D:11     | Found a snail-covered altar of Cheibriados.
 10121 | D:11     | Noticed a two-headed ogre
 10128 | D:11     | Noticed a manticore
 10390 | D:6      | Fell from the grace of Elyvilon
 10390 | D:6      | Became a worshipper of the Shining One
 10390 | D:6      | Reached * piety under the Shining One
 10469 | D:10     | Found an opulent altar of Gozag.
 10469 | D:10     | Found Gozag's Platinum Reserve.
 10594 | D:10     | Reached ** piety under the Shining One
 10661 | D:10     | Noticed a two-headed ogre
 10661 | D:10     | Noticed a gargoyle
 10704 | D:10     | Killed a two-headed ogre
 10705 | D:10     | Reached XP level 11. HP: 40/99 MP: 5/14
 11038 | D:10     | Mangled by a catoblepas

Illustrated notes

Levels and vault maps discovered:
D:1:      dpeg_arrival_chambers_temple_mockup, layout_basic, minmay_octomino_c4
D:2:      layout_basic, hellmonk_ecumenical_altar_pennies_from_heaven,
          minmay_rat_hole, uniq_jessica, uniq_sigmund
D:3:      layout_basic, mainiacjoe_overflow_brackets, serial_bayou_lagoon_a,
          kennysheep_generic_room_13
D:4:      cheibrodos_helix_gallery, layout_basic, chequers_arboretum,
          dreamdust_gnoll_farm
D:5:      layout_rooms, minmay_strange_pillars
D:6:      layout_rooms, led_sif_pool, amethyst_overflow_temple_binary,
          minmay_temple_entry_overgrown
D:7:      layout_rooms, uniq_maggie
D:8:      layout_cave_pools, serial_shops, shop
D:9:      gammafunk_boulding_lane, layout_basic,
          mainiacjoe_overflow_large_starburst, mainiacjoe_overflow_two_lobes,
          grunt_lair_entry_orc_guard_hut, serial_shops, kennysheep_mini_moat
D:10:     layout_roguey, nicolae_gozag_zags_fifth_avenue
D:11:     layout_roguey [special_room_orc], orc_0_dummy, serial_shops,
          nicolae_shop_tiny_statue_garden, nicolae_shop_window_shopping,
          kennysheep_slug_shrine
D:12:     layout_big_octagon
D:13:     layout_irregular_city, grunt_vaults_entry_fortified, uniq_jorgrun
Temple:   nicolae_temple_figure_eight

Skill      XL: |  1  2  3  4  5  6  7  8  9 10 |
---------------+-------------------------------+-----
Summonings     | 5 6 7 8 9 10 | 10.6
Fighting       | 3 5 7 9 10 | 10.0
Hexes          | 2 |  2.0
Dodging        | 2 4 5 |  5.6
Air Magic      | 3 |  3.0
Shields        | 8 |  8.4
Stealth        | |  1.7
Spellcasting   | |  2.4

Action                     |  1- 3 |  4- 6 |  7- 9 | 10-12 || total
---------------------------+-------+-------+-------+-------++-------
  Melee: Short sword       |    31 |       |       |       ||    31
         Tailslap          |    12 |    22 |    72 |    57 ||   163
         Dagger            |    69 |   149 |   341 |    26 ||   585
         Punch             |       |     2 |     2 |       ||     4
         Rapier            |       |       |       |   189 ||   189
   Cast: Summon Small Mamm |     7 |       |       |       ||     7
         Call Imp          |     3 |     2 |       |       ||     5
         Call Canine Famil |     1 |    10 |    28 |    26 ||    65
         Summon Guardian G |       |     3 |    12 |     1 ||    16
         Summon Lightning  |       |       |    12 |    14 ||    26
Ability: Breathe Dispellin |       |       |     5 |     1 ||     6
  Evoke: Wand              |       |       |     5 |     9 ||    14
    Use: Scroll            |     2 |    11 |     5 |    10 ||    28
         Potion            |       |       |     5 |       ||     5
   Stab: Sleeping          |     2 |     5 |     1 |       ||     8
         Distracted        |       |     1 |     2 |     2 ||     5
         Paralysed         |       |       |     6 |     8 ||    14
 Armour: Skin              |    54 |    84 |   241 |    98 ||   477
  Dodge: Dodged            |    74 |   110 |   327 |   183 ||   694
         Repelled          |       |       |     7 |     4 ||    11
  Block: Kite shield       |       |       |       |    70 ||    70

Table legend: (Time is in decaauts)
 A = Elapsed time spent in this place.
 B = Non-inter-level travel time spent in this place.
 C = Inter-level travel time spent in this place.
 D = Time resting spent in this place.
 E = Time spent auto-exploring this place.
 F = Levels seen in this place.
 G = Mean time per level.
                   A        B        C        D        E       F      G
               +--------+--------+--------+--------+--------+-----+--------+
         Total |  11033 |  10414 |    619 |    554 |   7422 |  14 |  788.1 |
       Dungeon |  11006 |  10411 |    595 |    554 |   7422 |  13 |  846.6 |
        Temple |     26 |      2 |     24 |      0 |      0 |   1 |   26.0 |
               +--------+--------+--------+--------+--------+-----+--------+

Top non-repeatable levels by time:
     D:9: 1187 daAuts
     D:3: 1179 daAuts
     D:2: 1167 daAuts
     D:6: 1162 daAuts
     D:4: 1114 daAuts
     D:7: 1002 daAuts
    D:10: 953 daAuts
     D:5: 858 daAuts
     D:1: 839 daAuts
     D:8: 799 daAuts
    D:11: 565 daAuts
    D:12: 148 daAuts
    D:13: 28 daAuts
  Temple: 26 daAuts
